 Dungeon Crawl Stone Soup version 0.27-a0-869-g165b36e3f0 (webtiles) character file.

Game seed: 13315251691018152533

260 polve the Shield-Bearer (level 6, -7/42 HPs)
             Began as an Octopode Fighter on Apr 2, 2021.
             Mangled by Crazy Yiuf
             ... wielding a +3 quarterstaff of chaos
              (8 damage)
             ... on level 2 of the Dungeon.
             The game lasted 00:01:49 (2447 turns).

polve the Shield-Bearer (Octopode Fighter)          Turns: 2447, Time: 00:01:49

Health: -7/42      AC:  1    Str: 15    XL:     6   Next: 17%
Magic:  0/6        EV: 11    Int: 11    God:
Gold:   50         SH:  9    Dex: 13    Spells: 5/5 levels left

rFire    . . .     SeeInvis .   a - +0 long sword
rCold    . . .     Faith    .   b - +0 kite shield
rNeg     . . .     Spirit   .   (helmet restricted)
rPois    .         Reflect  .   (no amulet)
rElec    .         Harm     .   (no ring)
rCorr    .         Rampage  .   (no ring)
Will     .....                  (no ring)
Stlth    ++........             (no ring)
HPRegen  0.14/turn              (no ring)
MPRegen  0.10/turn              (no ring)
                                (no ring)
                                (no ring)

@: very slightly contaminated, invisible
A: almost no armour, amphibious, 8 rings, camouflage 1, gelatinous body 1,
(nimble swimmer 1), tentacles, tentacle spike 2
a: no special abilities


You were on level 2 of the Dungeon.
You visited 1 branch of the dungeon, and saw 2 of its levels.

You collected 50 gold pieces.

Inventory:

Hand Weapons
 a - a +0 long sword (weapon)
Armour
 b - a +0 kite shield (worn)
Scrolls
 c - 2 scrolls of identify {unknown}
 h - a scroll of enchant weapon {unknown}
 i - a scroll of fog {unknown}
 j - a scroll of teleportation {unknown}
Potions
 d - a potion of brilliance
 e - a potion of lignification
 g - a potion of flight


   Skills:
 - Level 3.0 Fighting
 + Level 4.7 Long Blades
 - Level 3.0 Dodging
 + Level 5.0 Shields


You had 5 spell levels left.
You didn't know any spells.
Your spell library was empty.

Dungeon Overview and Level Annotations

Branches:
Dungeon (2/15)

Altars:

Annotations:
D:2 Crazy Yiuf


Innate Abilities, Weirdness & Mutations

You cannot wear most types of armour.
You are amphibious.
You can wear up to eight rings at the same time.
Your skin changes colour to match your surroundings (Stealth+).
Your rubbery body absorbs attacks. (AC +1, EV +1)
((You are camouflaged near water. (Stealth+)))
You have tentacles for arms and can constrict up to eight enemies at once.
One of your tentacles bears a nasty spike.


Message History

No reachable target in view!
No reachable target in view!
No reachable target in view!
No reachable target in view!
No reachable target in view!
No reachable target in view!
No reachable target in view!
No reachable target in view!
It was a potion of mutation.
You feel extremely strange.
One of your lower tentacles grows a sharp spike.
Your tentacle spike grows bigger.
You open the door. You hit Crazy Yiuf. Your grab misses Crazy Yiuf.
Crazy Yiuf is moderately wounded.
Crazy Yiuf hits you with a +3 quarterstaff of chaos.
You fade into invisibility!
You are very lightly contaminated with residual magic.
You hit Crazy Yiuf but do no damage. Your grab misses Crazy Yiuf.
Crazy Yiuf is moderately wounded.
Crazy Yiuf hits you with a +3 quarterstaff of chaos!
You feel your power leaking away.
Crazy Yiuf hits you with a +3 quarterstaff of chaos!
* * * LOW HITPOINT WARNING * * *
Crazy Yiuf burns you.
* * * LOW HITPOINT WARNING * * *
You strike the helpless Crazy Yiuf from behind!
You hit Crazy Yiuf. Your grab misses Crazy Yiuf.
Crazy Yiuf is heavily wounded.
Crazy Yiuf hits you with a +3 quarterstaff of chaos!
* * * LOW HITPOINT WARNING * * *
You catch the helpless Crazy Yiuf completely off-guard!
You hit Crazy Yiuf but do no damage. Your grab misses Crazy Yiuf.
You pierce Crazy Yiuf.
Crazy Yiuf is heavily wounded.
Crazy Yiuf closely misses you. You block Crazy Yiuf's attack.
You hit Crazy Yiuf but do no damage. You grab Crazy Yiuf.
Crazy Yiuf is heavily wounded.
You constrict Crazy Yiuf.
Crazy Yiuf hits you with a +3 quarterstaff of chaos!
You die...

#....####.#
#....# #.#
#....# #.#
#..P## #.#
############
##.##
#.##########
...........#
#.##
#..........#
############
##.#
#.########.#
#.## #..##
#.# ##@#
#.(.######..
#g#
#...........
...
#...#######.
#...#
##....).....
#### #..)#
#..#########
...# #####
#### ##.#
#.# ##### #
#.# #.#.# #


You could see Crazy Yiuf.

Vanquished Creatures
  Sigmund (D:2)
  Jessica (D:2)
  Terence (D:2)
  An adder (D:2)
  2 worms (D:2)
  A dart slug (D:2)
  4 endoplasms
  3 giant cockroaches (D:1)
  A goblin (D:1)
  2 hobgoblins
  4 quokkas
  6 ball pythons
  6 bats
  A frilled lizard (D:2)
  A kobold (D:1)
  A rat (D:1)
36 creatures vanquished.

Notes
Turn   | Place    | Note
-------+----------+-------------------------------------------
     0 | D:1      | polve the Octopode Fighter began the quest for the Orb.
     0 | D:1      | Reached XP level 1. HP: 16/16 MP: 1/1
   199 | D:1      | Reached XP level 2. HP: 21/21 MP: 2/2
   271 | D:1      | Found a faded altar of an unknown god.
  1269 | D:2      | Reached XP level 3. HP: 18/26 MP: 3/3
  1487 | D:2      | Noticed Sigmund
  1513 | D:2      | Killed Sigmund
  1514 | D:2      | Reached skill level 4 in Shields
  1514 | D:2      | Reached XP level 4. HP: 18/31 MP: 4/4
  1514 | D:2      | Reached XP level 5. HP: 20/36 MP: 5/5
  1679 | D:2      | Noticed Terence
  1690 | D:2      | Killed Terence
  1917 | D:2      | Reached XP level 6. HP: 29/42 MP: 6/6
  2216 | D:2      | Noticed Jessica
  2220 | D:2      | Killed Jessica
  2221 | D:2      | Reached skill level 5 in Shields
  2250 | D:2      | Found a runed translucent door.
  2251 | D:2      | Noticed Crazy Yiuf
  2441 | D:2      | Gained mutation: One of your tentacles bears a spike.
                  | [potion of mutation]
  2441 | D:2      | Gained mutation: One of your tentacles bears a nasty spike.
                  | [potion of mutation]
  2445 | D:2      | HP: 1/42 [Crazy Yiuf/+3 quarterstaff of chaos (9)]
  2447 | D:2      | Mangled by Crazy Yiuf

Illustrated notes

Levels and vault maps discovered:
D:1:      dpeg_arrival_line_fractal, layout_loops_ring, basic_ecumenical_altar,
          minmay_misc_feat_doors, minmay_misc_feat_more_columns
D:2:      layout_loops_ring, minmay_hedge_maze, uniq_terence,
          uniq_crazy_yiuf_cottage, uniq_jessica, uniq_sigmund

Skill      XL: |  1  2  3  4  5  6 |
---------------+-------------------+-----
Long Blades    | 3 4 |  4.7
Shields        | 4 5 |  5.0
Fighting       | |  3.0
Dodging        | |  3.0

Action                   |  1- 3 |  4- 6 || total
-------------------------+-------+-------++-------
Melee: Long sword        |    39 |    33 ||    72
       Constrict         |    10 |    10 ||    20
       Tentacles         |     8 |     6 ||    14
       Unarmed           |     1 |       ||     1
       Kick              |       |     1 ||     1
  Use: Potion            |     6 |     1 ||     7
 Stab: Sleeping          |     6 |     2 ||     8
       Invisible         |       |     2 ||     2
Armor: Skin              |    11 |     3 ||    14
Dodge: Dodged            |    11 |     9 ||    20
Block: Kite shield       |    19 |    18 ||    37
       Rpst.: Long sword |     2 |     2 ||     4

Table legend: (Time is in decaauts)
 A = Elapsed time spent in this place.
 B = Non-inter-level travel time spent in this place.
 C = Inter-level travel time spent in this place.
 D = Time resting spent in this place.
 E = Time spent auto-exploring this place.
 F = Levels seen in this place.
 G = Mean time per level.
                   A        B        C        D        E       F      G
               +--------+--------+--------+--------+--------+-----+--------+
         Total |   2483 |   2450 |     33 |      0 |   2170 |   2 | 1241.5 |
       Dungeon |   2483 |   2450 |     33 |      0 |   2170 |   2 | 1241.5 |
               +--------+--------+--------+--------+--------+-----+--------+

Top non-repeatable levels by time:
     D:2: 1291 daAuts
     D:1: 1192 daAuts
